 Dungeon Crawl Stone Soup version 0.20.0-1-g1cb1d84 (webtiles) character file.

249 FakerFangirl the Cudgeler (level 5, -6/46 HPs)
             Began as a Draconian Fighter on May 26, 2017.
             Mangled by a scorpion (8 damage)
             ... on level 4 of the Dungeon.
             The game lasted 00:03:05 (3095 turns).

FakerFangirl the Cudgeler (Draconian Fighter)       Turns: 3095, Time: 00:03:06

Health: -6/46      AC:  5    Str: 18    XL:     5   Next: 86%
Magic:  5/5        EV: 10    Int:  9    God:
Gold:   170        SH:  9    Dex: 11    Spells: 4/4 levels left

rFire    . . .     SeeInvis .   Y - +0 flail
rCold    . . .     Gourm    .   b - +0 shield
rNeg     . . .     Faith    +   (armour unavailable)
rPois    .         Spirit   .   (helmet restricted)
rElec    .         Reflect  .   (no cloak)
rCorr    .         Harm     .   (no gloves)
MR       .....                  (no boots)
Stlth    +.........             k - amulet of faith
Regen    0.2/turn               (no ring)
MPRegen  0.1/turn               (no ring)

@: no status effects
A: unfitting armour, cold-blooded, AC +5
a: no special abilities


You were on level 4 of the Dungeon.
You were not hungry.

You visited 1 branch of the dungeon, and saw 4 of its levels.

You collected 170 gold pieces.


Innate Abilities, Weirdness & Mutations

Your plain brown scales are hard. (AC +5)
You cannot fit into any form of body armour.
You are cold-blooded and may be slowed by cold attacks.


   Skills:
 + Level 3.7 Fighting
 - Level 6.0 Maces & Flails
 - Level 2.6 Dodging
 - Level 3.0 Shields


You had 4 spell levels left.
You didn't know any spells.

Inventory:

Hand Weapons
 Y - a +0 flail (weapon)
Armour
 b - a +0 shield (worn)
Jewellery
 k - an amulet of faith (around neck)
Scrolls
 a - a scroll of identify
 o - 2 scrolls of remove curse
 r - a scroll of enchant armour
Potions
 c - a potion of might
 e - a potion of haste
 g - a potion of resistance {unknown}
 i - a potion of degeneration {unknown}
 n - a potion of magic {unknown}
Comestibles
 d - 3 bread rations
 f - 2 chunks of flesh
 h - 3 meat rations
 j - a royal jelly

Dungeon Overview and Level Annotations

Branches:
Dungeon (4/15)
 Temple: D:4-7

Altars:


Message History

The scorpion closely misses you. The scorpion stings you!
You hit the scorpion but do no damage.
The scorpion is heavily wounded.
The scorpion closely misses you.
You hit the scorpion.
The scorpion is heavily wounded.
You block the scorpion's attack.
You barely miss the scorpion.
The scorpion is heavily wounded.
The scorpion stings you.
You completely miss the scorpion.
The scorpion is heavily wounded.
The scorpion stings you!
You hit the scorpion.
The scorpion is almost dead.
You block the scorpion's attack.
You barely miss the scorpion.
The scorpion is almost dead.
The scorpion closely misses you. The scorpion stings you!
You die...

### ##
..
..####.#
.....
##..#
#..@#
#...#s#
#..# #..
## ...
#..# #.
. #..#
#. #..#
# ....
.###


You could see a scorpion.

Vanquished Creatures
  2 hounds (D:4)
  An orc wizard (D:4)
  An iguana (D:3)
  Robin (D:2)
  4 adders
  2 worms (D:3)
  2 dart slugs
  4 leopard geckos
  2 orcs (D:4)
  11 bats
  A giant cockroach (D:1)
  8 goblins (D:2)
  9 hobgoblins
  9 jackals
  6 kobolds
  2 ball pythons
  2 frilled lizards
  6 rats
73 creatures vanquished.

Notes
Turn   | Place    | Note
-------+----------+-------------------------------------------
     0 | D:1      | FakerFangirl the Draconian Fighter began the quest for the Orb.
     0 | D:1      | Reached XP level 1. HP: 19/19 MP: 1/1
     0 | D:1      | 0 ||| counter = 83
   333 | D:1      | Reached XP level 2. HP: 26/26 MP: 2/2
   371 | D:1      | Reached skill level 3 in Maces & Flails
   953 | D:1      | Reached XP level 3. HP: 25/31 MP: 3/3
  1070 | D:1      | 1070 ||| READING 3 scrolls labeled POPOAJ EGAR.
  1071 | D:1      | 1071 ||| READING scroll labeled BYLAR HAOTA.
  1072 | D:1      | 1072 ||| READING scroll labeled ROCOXE UROUVE.
  1073 | D:1      | 1073 ||| READING 2 scrolls labeled MUEDO KOUJIPP.
  1078 | D:1      | 1078 ||| READING scroll labeled MIEJIZ RUGHORCH.
  1079 | D:1      | 1079 ||| READING 2 scrolls of identify.
  1079 | D:1      | 1079 ||| IDENTIFYING twisted platinum amulet
  1080 | D:1      | 1080 ||| UPGRADING to +3 amulet of reflection.
  1314 | D:2      | 1314 ||| EATING royal jelly.
  1394 | D:2      | Noticed Robin
  1403 | D:2      | Killed Robin
  1403 | D:2      | Reached skill level 4 in Maces & Flails
  1532 | D:2      | Reached XP level 4. HP: 38/38 MP: 4/4
  2012 | D:2      | 2012 ||| READING scroll labeled PENISOROET.
  2013 | D:2      | 2013 ||| READING 2 scrolls of identify.
  2013 | D:2      | 2013 ||| IDENTIFYING blue potion
  2319 | D:3      | Reached skill level 5 in Maces & Flails
  2479 | D:3      | Reached XP level 5. HP: 44/45 MP: 5/5
  2872 | D:3      | 2872 ||| UPGRADING to square malachite amulet.
  2874 | D:3      | 2874 ||| DROPPING +3 amulet of reflection.
  2875 | D:3      | 2875 ||| READING 2 scrolls labeled EPSIENOETUE.
  2876 | D:3      | 2876 ||| READING 2 scrolls labeled NIQOCA OZAXEXU.
  2877 | D:3      | 2877 ||| DROPPING scroll of fog.
  2878 | D:3      | 2878 ||| DROPPING scroll of noise.
  2931 | D:4      | 2931 ||| STAIRDANCE
  3003 | D:4      | Reached skill level 6 in Maces & Flails
  3017 | D:4      | HP: 10/45 [hound (4)]
  3018 | D:4      | 3018 ||| READING scroll of teleportation.
  3089 | D:4      | HP: 11/46 [scorpion (7)]
  3093 | D:4      | HP: 1/46 [scorpion (9)]
  3095 | D:4      | Mangled by a scorpion

Vault maps used:
D:1:      lemuel_arrival_cross
D:2:      uniq_robin
D:4:      kennysheep_mini, minmay_temple_entry_junction, uniq_menkaure

Skill      XL: |  1  2  3  4  5 |
---------------+----------------+-----
Maces & Flails | 3 4 5 6 |  6.0
Fighting       | |  3.7
Dodging        | |  2.6
Shields        | |  3.0

Action                   |  1- 3 |  4- 6 || total
-------------------------+-------+-------++-------
Melee: Flail             |    73 |   108 ||   181
       Tailslap          |     8 |     7 ||    15
Throw: Javelin           |    23 |    32 ||    55
       Tomahawk          |       |     7 ||     7
  Use: Scroll            |     6 |     5 ||    11
  Eat: Royal jelly       |     1 |       ||     1
       Chunk             |       |     5 ||     5
Armor: Skin              |    20 |    25 ||    45
Dodge: Dodged            |    23 |    36 ||    59
Block: Shield            |    36 |    56 ||    92
